 Dungeon Crawl Stone Soup version 0.21.1-1-g345015f (webtiles) character file.

229 prawnwizard the Firebug (level 5, -2/28 HPs)
             Began as a Deep Elf Fire Elementalist on July 2, 2018.
             Killed by nerve-wracking pain
             ... invoked by an orc priest
              (6 damage)
             ... on level 4 of the Dungeon.
             The game lasted 00:11:45 (3107 turns).

prawnwizard the Firebug (DEFE)                      Turns: 3107, Time: 00:11:45

Health: -2/28      AC:  3    Str:  5    XL:     5   Next: 71%
Magic:  13/13      EV: 14    Int: 21    God:
Gold:   234        SH:  0    Dex: 15    Spells: 2/12 levels left

rFire    . . .     SeeInvis .   j - +1 dagger (venom)
rCold    . . .     Gourm    .   (no shield)
rNeg     . . .     Faith    .   a - +0 robe
rPois    .         Spirit   .   (no helmet)
rElec    .         Reflect  .   (no cloak)
rCorr    .         Harm     .   f - +0 pair of gloves
MR       .....                  (no boots)
Stlth    ++........             (no amulet)
HPRegen  0.09/turn              (no ring)
MPRegen  0.13/turn              (no ring)

@: no status effects
A: no striking features
a: no special abilities


You were on level 4 of the Dungeon.
You were hungry.

You visited 1 branch of the dungeon, and saw 4 of its levels.

You collected 234 gold pieces.

Inventory:

Hand Weapons
 j - a +1 dagger of venom (weapon)
Armour
 a - a +0 robe (worn)
 f - a +0 pair of gloves (worn)
 k - +0 pearl dragon scales
Jewellery
 p - a +3 ring of evasion {unknown}
Scrolls
 e - 3 scrolls of identify {unknown}
 h - 2 scrolls of remove curse {unknown}
 i - 3 scrolls of amnesia {unknown}
 m - 2 scrolls of blinking {unknown}
 s - a scroll of teleportation {unknown}
Potions
 d - 2 potions of resistance {unknown}
 g - a potion of heal wounds {unknown}
 l - 2 potions of curing {unknown}
 n - 2 potions of haste
 o - a potion of mutation {unknown}
 q - a potion of cancellation {unknown}
 t - a potion of agility
Books
 b - a book of Flames

   Spells                             Type                      Level
   a - Flame Tongue                   Conjuration/Fire             1
   b - Throw Flame                    Conjuration/Fire             2
   c - Conjure Flame                  Conjuration/Fire             3
   d - Inner Flame                    Hexes/Fire                   3
   e - Sticky Flame                   Conjuration/Fire             4
   f - Fireball                       Conjuration/Fire             5
Comestibles
 c - 8 rations


   Skills:
 + Level 3.6 Dodging
 - Level 2.4 Stealth
 + Level 4.4 Spellcasting
 * Level 3.6 Conjurations
 * Level 4.8 Fire Magic


You had 2 spell levels left.
You knew the following spells:

 Your Spells              Type           Power        Failure   Level  Hunger
a - Flame Tongue          Conj/Fire      ###..        1%          1    None
b - Throw Flame           Conj/Fire      ###...       3%          2    #......
c - Sticky Flame          Conj/Fire      ###.....     21%         4    ####...
d - Conjure Flame         Conj/Fire      ###.....     6%          3    ##.....


Dungeon Overview and Level Annotations

Branches:
Dungeon (4/15)
 Temple: D:4-7

Altars:
Qazlal

Annotations:
D:4 Glennnyy's ghost, amateur MiFi; Grinder


Message History

The phantom hits you.
You hit the phantom but do no damage.
The phantom is lightly damaged.
The orc closely misses you. The phantom barely misses you.
The orc closely misses you. The orc misses you. The phantom hits you.
The phantom hits you.
* * * LOW HITPOINT WARNING * * *
The phantom blinks!
The orc shouts!
You hear a shout!
The phantom blinks!
The orc hits you.
* * * LOW HITPOINT WARNING * * *
Things that are here:
a dagger; an orc skeleton The orc barely misses you.
The orc hits you but does no damage. The orc barely misses you.
The orc priest calls down the wrath of Beogh upon you.
Pain shoots through your body!
You die...

#...# ##...## ### ####
.....## ###..#####... ...
.......# #....#..... ...
##....## ##........# ..
###### ##.....### #. #.....#
. ###########....## #
##.....o##......# #
#.....o.@oo.....# #
#...###...# ##........## ##
####......##.........w.##
##.
###..................#####..
....................#...#
...........#####......##


You could see an orc priest, an orc wizard, a dart slug and 6 orcs.

Vanquished Creatures
  A howler monkey (D:4)
  An iguana (D:4)
  A hound skeleton (D:4)
  6 adders
  An ooze (D:1)
  4 worms
  A dart slug (D:3)
  A leopard gecko (D:2)
  9 orcs
  2 ball pythons
  2 giant cockroaches
  8 goblins
  9 hobgoblins
  7 bats
  4 frilled lizards
  A jackal skeleton (D:4)
  11 kobolds
  9 rats
78 creatures vanquished.

Notes
Turn   | Place    | Note
-------+----------+-------------------------------------------
     0 | D:1      | prawnwizard the Deep Elf Fire Elementalist began the quest for the Orb.
     0 | D:1      | Reached XP level 1. HP: 10/10 MP: 6/6
   344 | D:1      | Reached XP level 2. HP: 15/15 MP: 6/8
   926 | D:1      | Reached XP level 3. HP: 18/19 MP: 4/9
  1307 | D:2      | Learned a level 2 spell: Throw Flame
  1517 | D:2      | Reached XP level 4. HP: 24/24 MP: 7/11
  1739 | D:3      | Found a stormy altar of Qazlal.
  2258 | D:3      | Found a faded altar of an unknown god.
  2360 | D:3      | Reached XP level 5. HP: 28/28 MP: 1/13
  2657 | D:4      | Noticed Glennnyy's ghost (amateur MiFi)
  2892 | D:3      | Learned a level 4 spell: Sticky Flame
  2897 | D:3      | Learned a level 3 spell: Conjure Flame
  3040 | D:4      | Noticed a phantom
  3072 | D:4      | Noticed Grinder
  3107 | D:4      | Killed from afar by an orc priest

Skill      XL: |  1  2  3  4 |
---------------+-------------+-----
Conjurations   | 2 3 |  3.6
Dodging        | 3 |  3.6
Fire Magic     | 4 |  4.8
Spellcasting   | 4 |  4.4
Stealth        | |  2.4

Action                   |  1- 3 |  4- 6 || total
-------------------------+-------+-------++-------
Melee: Short sword       |     4 |       ||     4
       Dagger            |     6 |    17 ||    23
 Cast: Flame Tongue      |    67 |    72 ||   139
       Throw Flame       |     6 |     3 ||     9
  Eat: Chunk             |     2 |     4 ||     6
Armor: Robe              |     1 |    11 ||    12
Dodge: Dodged            |    30 |    31 ||    61
